Map: Port Aleksander LE

Players

JadedShard

  • Race: Terran Terran
  • League: Diamond
  • Spawn Location: 5:00

Nordy - Winner!

  • Race: Protoss Protoss
  • League: Diamond
  • Spawn Location: 11:00

VOD

Have the link to the VOD?

Description

Time

  • Played on: Dec. 10, 2018, 3:30 p.m.
  • Length: 20:02
Show
View Real Time Build Order
Export as new Build Order

JadedShard Terran 

Build Orders: Gas First Reaper Expand 

Get SALT Encoding   

  12  0:00  SCV  
  13  0:13  SCV  
  14  0:17  Supply Depot  
  14  0:27  Refinery  
  14  0:29  SCV  
  15  0:41  SCV  
  16  0:45  Barracks  
  16  0:53  SCV  
  17  1:05  SCV  
  18  1:17  SCV  
  19  1:32  Orbital Command  
  19  1:33  Reaper  
  20  1:46  Command Center  
  20  1:58  SCV  
  21  2:05  Factory  
  21  2:06  Barracks Reactor  
  21  2:11  SCV  
  22  2:18  Supply Depot  
  22  2:23  SCV  
  22  2:25  Refinery  
  23  2:40  SCV  
  24  2:52  SCV  
  25  3:04  SCV  
  26  3:11  Orbital Command, Starport  
  25  3:16  SCV  
  26  3:28  Hellion x2, Bunker  
  26  3:29  Barracks Tech Lab  
  26  3:30  SCV  
  31  3:38  SCV  
  32  3:42  SCV  
  32  3:43  Supply Depot  
  32  3:47  Medivac  
  35  3:49  Hellion x2  
  35  3:50  SCV  
  35  3:54  SCV  
  35  3:55  Marine  
  42  3:57  Stimpack  
  42  4:02  SCV  
  43  4:06  SCV  
  43  4:07  Supply Depot  
  44  4:14  SCV  
  44  4:15  Widow Mine  
  44  4:16  Widow Mine  
  48  4:19  Marine  
  45  4:36  Marine  
  46  4:44  SCV x2  
  50  4:53  Starport Reactor  
  50  4:54  Marine  
  50  4:56  SCV  
  50  4:58  Barracks, Widow Mine  
  50  4:59  Widow Mine  
  54  5:00  Barracks  
  52  5:12  Marine  
  49  5:20  SCV x2  
  49  5:23  Engineering Bay  
  49  5:24  Engineering Bay  
  49  5:26  Widow Mine x2  
  53  5:30  Marine  
  54  5:36  Medivac  
  54  5:37  Medivac  
  58  5:48  Marine  
  58  5:49  Barracks Tech Lab, Barracks Reactor  
  59  5:51  Widow Mine  
  59  5:56  Refinery  
  61  5:58  Refinery  
  61  6:05  Marine  
  62  6:33  Supply Depot  
  62  6:37  Supply Depot  
  62  6:38  Supply Depot  
  62  6:49  Terran Infantry Weapons Level 1, Terran Infantry Armor Level 1  
  62  6:54  Medivac x2, SCV x2  
  62  6:55  Hellion  
  62  6:58  Hellion, Marine  
  62  6:59  Supply Depot x2  
  73  7:02  Supply Depot  
  73  7:06  SCV x2  
  75  7:15  Concussive Shells  
  75  7:16  Combat Shield, Hellion, Marine x3, Marauder  
  75  7:19  SCV x2  
  75  7:20  Hellion  
  86  7:22  Supply Depot  
  86  7:30  Armory  
  86  7:33  Marine  
  86  7:34  Marine x2  
  89  7:37  Marauder  
  89  7:39  Missile Turret  
  89  7:41  Missile Turret  
  91  7:51  Marine  
  91  7:52  Marine  
  91  7:53  SCV x2  
  91  7:55  Marine  
  91  7:58  Marine  
  97  8:06  Missile Turret  
  97  8:09  Marine  
  97  8:10  Liberator, Marauder  
  100  8:16  Marauder  
  85  8:25  Marine  
  80  8:27  Marine, Widow Mine x2  
  80  8:30  Marine  
  82  8:38  Marauder  
  83  8:42  Barracks  
  83  8:43  Marine  
  83  8:45  Marine  
  85  8:49  Marauder  
  85  8:54  Liberator  
  83  8:59  Marine  
  83  9:01  Marine  
  85  9:03  Marine  
  85  9:05  Widow Mine x2  
  84  9:10  Marauder  
  84  9:14  Terran Infantry Weapons Level 2, Terran Infantry Armor Level 2  
  84  9:16  Marine  
  89  9:18  Marine  
  89  9:21  Marine  
  92  9:24  Command Center  
  92  9:28  Supply Depot  
  92  9:31  Marine  
  92  9:34  Marine  
  92  9:36  Marine  
  92  9:38  Barracks Reactor  
  95  9:40  Factory  
  95  9:42  Marine  
  96  9:49  Marauder  
  96  9:52  Marine  
  98  9:54  Marine  
  82  10:03  Marine  
  57  10:10  Marauder  
  57  10:11  Marauder  
  57  10:12  Medivac x2, Marine  
  64  10:14  Widow Mine x2  
  68  10:21  Marine  
  69  10:30  Factory Tech Lab  
  69  10:32  Marauder  
  69  10:33  Marine x3, Marauder  
  76  10:36  Widow Mine x2  
  76  10:39  Marine  
  81  10:51  Marine x3  
  81  10:53  Marauder  
  86  11:01  Drilling Claws  
  89  11:04  Siege Tank  
  89  11:05  Widow Mine  
  89  11:06  Marine, Widow Mine  
  89  11:07  Marauder  
  89  11:09  Marine  
  97  11:15  Marauder  
  97  11:17  Marine x2  
  97  11:27  Widow Mine  
  97  11:28  Marauder  
  98  11:36  Siege Tank  
  101  11:41  Marine x2, Marauder  
  101  11:42  Marine x2  
  101  11:43  Widow Mine  
  107  11:48  Widow Mine  
  107  11:49  Marauder  
  100  11:57  Medivac  
  100  11:58  Medivac  
  102  12:03  Marauder  
  107  12:08  Siege Tank  
  107  12:11  Marine, Marauder  
  107  12:12  Marine  
  107  12:14  Command Center  
  111  12:27  Medivac  
  111  12:29  Medivac  
  102  13:03  Medivac x2  
  100  13:16  Command Center, Marine, Marauder  
  100  13:19  Command Center  
  95  13:33  Medivac x2  
  84  13:35  Marine x3, Marauder  
  84  13:38  Marauder  
  87  14:15  Terran Infantry Armor Level 3, Terran Infantry Weapons Level 3  
  79  14:24  Marauder x2  
  79  14:28  Widow Mine  
  78  14:32  Orbital Command  
  78  14:41  Orbital Command  
  61  15:02  Orbital Command  
  57  15:07  SCV  
  53  15:14  Marine x2, Marauder  
  53  15:15  Marauder  
  59  15:28  Marine x2  
  54  15:30  Widow Mine x2  
  54  15:34  Orbital Command  
  53  15:36  Marauder x2  
  53  15:38  SCV x2  
  59  15:49  Widow Mine  
  60  16:04  Orbital Command  
  48  16:22  Widow Mine x3  
  53  16:27  Marine x4, Marauder x2  
  53  16:31  SCV  
  60  16:33  SCV  
  61  16:43  Widow Mine  
  61  16:44  Marine  
  61  16:45  Marine x3  
  67  16:48  Marauder  
  67  16:49  Marauder  
  71  16:56  SCV  
  72  17:04  Marine, Widow Mine x2  
  72  17:05  Marine x3  
  72  17:08  Medivac  
  82  17:09  Marine x2  
  84  17:26  Medivac  
  86  17:30  Marine x2, Marauder  
  86  17:31  Marine, Marauder  
  92  17:55  Marauder x2  
  89  18:13  Orbital Command  
  89  18:16  Marauder  
  91  18:34  Marine, Marauder  
  91  18:38  Marauder  
  96  18:49  SCV x2  
  98  19:01  SCV  
  99  19:14  Marine x3  
  99  19:15  Medivac  
  104  19:19  Medivac  
  74  19:35  Widow Mine x2  
  74  19:38  Marine x2  
  72  19:39  Marauder  
Show
View Real Time Build Order
Export as new Build Order

Nordy Protoss - Winner!

Build Orders: 1 Gate Expand, Oracle Opening, Zealot Archon 

Get SALT Encoding   

  12  0:01  Probe  
  13  0:13  Probe  
  14  0:18  Pylon  
  14  0:25  Probe  
  15  0:34  Probe  
  15  0:38  Gateway  
  15  0:42  Probe  
  16  0:48  Assimilator  
  17  0:51  Probe  
  18  1:03  Probe  
  19  1:15  Probe  
  20  1:27  Nexus  
  20  1:38  Cybernetics Core  
  20  1:45  Probe, Assimilator  
  21  1:52  Pylon  
  21  1:58  Probe  
  22  2:04  Stalker  
  22  2:10  Probe  
  25  2:16  Warp Gate  
  25  2:22  Probe  
  25  2:34  Stargate  
  25  2:47  Probe x2  
  26  2:53  Stalker  
  28  2:59  Probe  
  28  3:04  Probe  
  28  3:07  Probe  
  28  3:08  Oracle  
  30  3:12  Probe  
  30  3:15  Probe  
  35  3:20  Probe  
  35  3:24  Gateway  
  35  3:27  Probe  
  36  3:32  Probe  
  38  3:39  Probe  
  39  3:41  Pylon  
  39  3:44  Probe  
  39  3:47  Oracle  
  43  3:51  Probe  
  44  4:04  Twilight Council  
  44  4:06  Gateway  
  44  4:07  Probe x2  
  46  4:19  Probe x2  
  48  4:31  Probe x2  
  50  4:38  Stalker x2  
  54  4:51  Pylon  
  54  4:57  Pylon  
  54  5:00  Forge  
  54  5:03  Pylon  
  54  5:04  Probe x2  
  54  5:05  Gateway x2  
  52  5:08  Oracle  
  53  5:14  Probe x2  
  55  5:22  Probe x2  
  57  5:29  Assimilator  
  57  5:31  Stalker  
  57  5:32  Stalker, Assimilator  
  61  5:43  Gateway  
  61  5:44  Gateway  
  61  5:46  Templar Archives  
  61  5:47  Charge  
  61  5:51  Probe  
  61  5:52  Probe  
  63  6:05  Probe x2  
  65  6:14  Zealot x5  
  75  6:30  Probe x2  
  77  6:40  Pylon  
  77  6:43  Nexus  
  77  6:44  Pylon  
  77  6:45  Pylon  
  77  6:59  High Templar x3  
  77  7:01  Pylon, High Templar  
  85  7:24  Zealot x2  
  85  7:25  Zealot  
  91  7:34  Archon x2  
  91  7:35  High Templar x2  
  95  7:39  Archon  
  90  8:21  Zealot x4  
  90  8:22  Zealot x3  
  90  8:23  Probe x3  
  79  8:35  Probe x2  
  81  8:43  Zealot x4  
  81  8:44  Zealot x3  
  88  9:00  Probe x3  
  87  9:12  High Templar x3, Probe x3  
  87  9:13  High Templar x3  
  87  9:16  Archon  
  102  9:17  Archon x2  
  102  9:24  Probe x2  
  102  9:25  Probe  
  105  9:33  Probe  
  105  9:34  Probe x2  
  105  9:37  Gateway  
  108  9:40  Gateway  
  108  9:41  Gateway, Probe  
  108  9:42  Probe x2  
  109  9:50  Probe  
  109  9:51  Probe  
  91  10:15  Zealot  
  91  10:16  Zealot x5  
  91  10:17  Zealot  
  91  10:19  Probe x3  
  105  10:27  Probe x3  
  111  10:36  Stalker x2, Nexus, Probe x2  
  111  10:37  Stalker x2  
  111  10:38  Pylon  
  111  10:40  Pylon  
  111  10:42  Pylon  
  114  11:02  Stalker  
  114  11:03  Stalker  
  114  11:04  Stalker x5  
  110  11:34  Probe x3  
  110  11:36  Assimilator  
  110  11:39  Assimilator  
  109  11:46  Probe x3  
  90  11:58  High Templar x4, Probe  
  90  11:59  High Templar x4  
  90  12:00  Zealot x2  
  107  12:03  Archon x3, Probe  
  107  12:04  Archon, Probe x2  
  107  12:07  Probe  
  110  12:11  Probe  
  110  12:12  Probe x2  
  114  12:26  Protoss Ground Weapons Level 1  
  114  12:28  Psionic Storm  
  114  12:31  Zealot x3  
  114  12:32  Zealot x6  
  114  12:33  Zealot  
  104  13:04  Zealot x5  
  104  13:05  Zealot x5  
  110  13:33  Zealot  
  110  13:34  Zealot x6  
  92  13:35  Zealot x3  
  92  13:40  Gateway  
  104  13:43  Gateway  
  104  13:45  Gateway  
  104  13:46  Gateway  
  100  13:59  High Templar x5  
  100  14:00  High Templar x4  
  100  14:01  Zealot  
  116  14:03  Archon x2  
  116  14:04  Archon x2  
  96  14:29  Zealot  
  94  14:32  Zealot x3  
  94  14:33  Zealot x6  
  110  14:43  Gateway  
  110  14:44  Gateway  
  110  14:46  Gateway  
  110  14:48  Gateway  
  110  14:50  Gateway  
  102  15:15  Zealot x6  
  102  15:16  Zealot x6  
  102  15:17  Zealot x2  
  130  15:45  Robotics Facility  
  130  15:47  Assimilator  
  130  15:52  High Templar  
  130  15:53  High Templar x5  
  130  15:54  High Templar x4  
  130  15:55  Zealot x2, Assimilator  
  130  15:56  Zealot x5  
  164  15:58  Archon x3  
  164  15:59  Archon x2  
  164  16:00  Nexus  
  164  16:03  Pylon  
  164  16:04  Pylon  
  164  16:06  Pylon  
  163  16:28  Observer  
  164  16:46  Observer  
  165  17:00  High Templar x3  
  165  17:01  High Templar x2  
  175  17:06  Archon  
  175  17:07  Archon  
  175  17:23  Photon Cannon  
  175  17:24  Photon Cannon  
  175  17:25  Photon Cannon  
  175  17:27  Photon Cannon  
  173  17:47  Zealot x5  
  173  17:48  Zealot x5  
  173  17:49  Zealot x3  
  199  17:58  Zealot x4  
  194  18:30  Pylon  
  194  18:33  Pylon  
  194  18:37  Pylon  
  194  18:39  Pylon  
  188  19:00  Probe x3  
  188  19:01  Probe  
  192  19:08  Pylon  
  132  19:43  Zealot x2  
  132  19:44  Zealot x5  
  132  19:45  Zealot x5  
  148  19:46  Zealot x5  
  148  19:47  Zealot x2  
Tags
 
Add a new tag
Caveats
  • Supply blocks, unpowered buildings, or Contaminate may cause inaccurate times.
  • Supply counts are checked every 10 seconds.